 Dungeon Crawl Stone Soup version 0.27-a0-1193-g8631133539 (webtiles) character file.

Game seed: 8907004687455111862

110 robertstho the Ruffian (level 4, -11/67 HPs)
             Began as a Troll Berserker on May 26, 2021.
             Was a Believer of Trog.
             Killed from afar by an acid dragon (17 damage)
             ... with a splash of acid
             ... on level 4 of the Dungeon.
             The game lasted 00:02:00 (2289 turns).

robertstho the Ruffian (Troll Berserker)            Turns: 2289, Time: 00:02:00

Health: -11/67     AC:  0    Str: 25    XL:     4   Next: 61%
Magic:  3/3        EV: 10    Int:  4    God:    Trog [**....]
Gold:   75         SH:  0    Dex:  9    Spells: 3/3 levels left

rFire    . . .     SeeInvis .     - Unarmed
rCold    . . .     Faith    .   (no shield)
rNeg     . . .     Spirit   .   a - +0 animal skin
rPois    .         Reflect  .   (helmet restricted)
rElec    .         Harm     .   (no cloak)
rCorr    .         Rampage  .   (gloves unavailable)
Will     .....                  (boots unavailable)
Stlth    ..........             (no amulet)
HPRegen  1.21/turn              (no ring)
MPRegen  0.08/turn              (no ring)

@: berserking, corroded, very quick
A: large, unfitting armour, claws 3, regeneration 1, shaggy fur 1, tough skin 1
a: Renounce Religion, Berserk, Trog's Hand


You were on level 4 of the Dungeon.
You worshipped Trog.
Trog was pleased with you.
You visited 1 branch of the dungeon, and saw 4 of its levels.

You collected 75 gold pieces.

Inventory:

Missiles
 h - 8 atropa-tipped darts
Armour
 a - a +0 animal skin (worn)
Jewellery
 d - a +4 ring of evasion
 f - a ring of poison resistance
 i - a +4 ring of evasion
Wands
 n - a wand of flame (17)
Scrolls
 b - a scroll of enchant armour {unknown}
 k - a scroll of acquirement {unknown}
 l - a scroll of identify {unknown}
Potions
 c - a potion of lignification {unknown}
 e - a potion of cancellation {unknown}
 g - a potion of degeneration {unknown}
 j - 2 potions of mutation {unknown}
 m - a potion of heal wounds {unknown}


   Skills:
 * Level 3.1 Fighting
 * Level 1.1 Armour
 + Level 3.0 Dodging
 + Level 3.9 Unarmed Combat


You had 3 spell levels left.
You didn't know any spells.
Your spell library was empty.

Dungeon Overview and Level Annotations

Branches:
Dungeon (4/15)
 Temple: D:4-7

Altars:
Trog


Innate Abilities, Weirdness & Mutations

You are too large for most types of armour.
You have claws for hands.
Your natural rate of healing is unusually fast.
You are covered in fur. (AC +1)
You have tough skin. (AC +1)


Message History

No target in view!
The acid dragon roars!
An acid dragon is nearby!
The acid dragon bites you!
The acid dragon claws you but does no damage.
You scratch the acid dragon.
The acid dragon is lightly wounded.
You hear the slow hiss of a very distant avalanche of sand.
The acid dragon spits acid at you. The splash of acid hits you.
The acid corrodes you!
You are splashed with acid!
You are too injured to fight recklessly!
You are too injured to fight recklessly!
You are too injured to fight recklessly!
You are too injured to fight recklessly!
A red film seems to cover your vision as you go berserk!
You feel yourself moving faster!
You feel mighty! The acid dragon bites you. The acid dragon barely misses you.
You scratch the acid dragon.
The acid dragon is lightly wounded.
The acid dragon misses you. x2
You barely miss the acid dragon.
The acid dragon is lightly wounded.
You closely miss the acid dragon.
The acid dragon is lightly wounded.
The acid dragon bites you!
* * * LOW HITPOINT WARNING * * *
The acid dragon claws you.
* * * LOW HITPOINT WARNING * * *
You closely miss the acid dragon.
The acid dragon is lightly wounded.
You closely miss the acid dragon.
The acid dragon is lightly wounded.
The acid dragon bites you.
* * * LOW HITPOINT WARNING * * *
The acid dragon closely misses you.
You barely miss the acid dragon.
The acid dragon is lightly wounded.
The acid dragon spits acid at you. The splash of acid hits you!
You die...

#........# #..#
#######..## #..# #.
##..# ##..# #...
#..###..####....
##..##..#.......
#...........#
##...........####
#....>...^.......
##@..#............
#D................
#..................
#........#..........
........####.<.......
..###...## ##........
..# ##... ##.......
.# ##.. .......
.......


You could see an acid dragon (catching breath).

Vanquished Creatures
  Terence (D:2)
  An adder (D:2)
  An adder skeleton (D:4)
  4 dart slugs
  A worm (D:3)
  5 ball pythons
  5 bats
  4 endoplasms
  2 giant cockroaches (D:2)
  6 goblins
  4 hobgoblins
  7 jackals (D:2)
  4 quokkas
  A frilled lizard (D:2)
  5 kobolds
  9 rats
60 creatures vanquished.

Notes
Turn   | Place    | Note
-------+----------+-------------------------------------------
     0 | D:1      | robertstho the Troll Berserker began the quest for the Orb.
     0 | D:1      | Reached XP level 1. HP: 22/22 MP: 0/0
    79 | D:1      | You fall into a shaft and drop 1 floor!
   137 | D:2      | Reached XP level 2. HP: 27/29 MP: 1/1
   350 | D:2      | Reached XP level 3. HP: 36/36 MP: 2/2
   390 | D:2      | Reached ** piety under Trog
   416 | D:2      | Noticed Terence
   423 | D:2      | Killed Terence
   424 | D:2      | Reached XP level 4. HP: 45/45 MP: 3/3
   579 | D:2      | Reached skill level 1 in Armour
  1059 | D:1      | Found a faded altar of an unknown god.
  1896 | D:3      | Found a bloodstained altar of Trog.
  2277 | D:4      | Noticed an acid dragon
  2289 | D:4      | Killed from afar by an acid dragon

Illustrated notes

Levels and vault maps discovered:
D:1:      psy_arrival_conway, layout_loops_cross,
          shapermc_ecumenical_altar_hornbeckon
D:2:      layout_loops_ring, nrook_mini_backslash, minmay_indecisive_spiral,
          uniq_terence
D:3:      layout_loops_corners, lemuel_crystal_altar
D:4:      layout_layer_cave, kennysheep_mini, lemuel_doored_altar,
          nemelex_xobeh_ov_fountains_minmay, minmay_temple_entry_waves,
          nicolae_ossuary_entry_catacombs, uniq_grinder, uniq_eustachio

Skill      XL: |  1  2  3  4 |
---------------+-------------+-----
Fighting       | 3 |  3.1
Armour         | 1 |  1.1
Dodging        | 3 |  3.0
Unarmed Combat | |  3.9

Action                   |  1- 3 |  4- 6 || total
-------------------------+-------+-------++-------
Melee: Unarmed           |    74 |    62 ||   136
       Punch             |     1 |     1 ||     2
Invok: Berserk           |       |     1 ||     1
Armor: Animal skin       |    36 |    13 ||    49
Dodge: Dodged            |    31 |    24 ||    55

Table legend: (Time is in decaauts)
 A = Elapsed time spent in this place.
 B = Non-inter-level travel time spent in this place.
 C = Inter-level travel time spent in this place.
 D = Time resting spent in this place.
 E = Time spent auto-exploring this place.
 F = Levels seen in this place.
 G = Mean time per level.
                   A        B        C        D        E       F      G
               +--------+--------+--------+--------+--------+-----+--------+
         Total |   2289 |   2179 |    110 |      0 |   1892 |   4 |  572.2 |
       Dungeon |   2289 |   2179 |    110 |      0 |   1892 |   4 |  572.2 |
               +--------+--------+--------+--------+--------+-----+--------+

Top non-repeatable levels by time:
     D:3: 846 daAuts
     D:2: 714 daAuts
     D:1: 674 daAuts
     D:4: 54 daAuts
